 Dungeon Crawl Stone Soup version 0.22-a0-815-gb582571 (webtiles) character file.

140 iamserjio the Chiller (level 5, 0/35 HPs)
             Began as a Barachi Ice Elementalist on July 23, 2018.
             Was an Initiate of Vehumet.
             Killed from afar by Edmund (13 damage)
             ... with a wand of flame (33)
             ... on level 4 of the Dungeon.
             The game lasted 00:08:54 (1161 turns).

iamserjio the Chiller (Barachi Ice Elementalist)    Turns: 1161, Time: 00:08:54

Health: 0/35       AC:  3    Str:  9    XL:     5   Next: 22%
Magic:  3/18       EV: 12    Int: 16    God:    Vehumet [......]
Gold:   185        SH:  0    Dex: 13    Spells: 0/10 levels left

rFire    x . .     SeeInvis .   f - +1 dagger (venom)
rCold    + . .     Gourm    .   (no shield)
rNeg     . . .     Faith    .   a - +0 robe
rPois    .         Spirit   .   (no helmet)
rElec    .         Reflect  .   (no cloak)
rCorr    .         Harm     .   e - +0 pair of gloves
MR       .....                  (no boots)
Stlth    ++........             (no amulet)
HPRegen  0.11/turn              q - ring of ice
MPRegen  0.16/turn              r - ring of magical power

@: very slightly contaminated, slow
A: +LOS, swims, slowness 1, strong legs 1
a: Hop, Renounce Religion


You were on level 4 of the Dungeon.
You worshipped Vehumet.
Vehumet was noncommittal.
You were near starving.

You visited 2 branches of the dungeon, and saw 5 of its levels.

You collected 185 gold pieces.

Inventory:

Hand Weapons
 b - a +0 club
 f - a +1 dagger of venom (weapon)
 g - a +1 dagger of protection
Armour
 a - a +0 robe (worn)
 e - a +0 pair of gloves (worn)
Jewellery
 d - an uncursed ring of poison resistance
 n - an uncursed ring of fire
 q - a ring of ice (left hand)
 r - a ring of magical power (right hand)
Scrolls
 k - a scroll of teleportation {unknown}
 l - a scroll of enchant weapon {unknown}
 m - 2 scrolls of identify {unknown}
 p - 2 scrolls of remove curse {unknown}
 s - a scroll of amnesia {unknown}
Potions
 h - a potion of berserk rage {unknown}
 i - a potion of ambrosia {unknown}
 j - a potion of magic {unknown}
 o - a potion of agility {unknown}
Comestibles
 c - 4 rations


   Skills:
 - Level 2.1 Dodging
 - Level 1.7 Stealth
 + Level 3.3 Spellcasting
 - Level 1.1 Conjurations
 * Level 2.0 Summonings
 + Level 5.7 Ice Magic


You couldn't memorise any spells.
You knew the following spells:

 Your Spells              Type           Power        Failure   Level  Hunger
a - Freeze                Ice            ####         1%          1    None
b - Summon Ice Beast      Ice/Summ       ###.....     36%         4    ####...
c - Throw Frost           Conj/Ice       ###...       7%          2    ##.....
d - Ozocubu's Armour      Chrm/Ice       ###.....     17%         3    ###....

Your spell library contained the following spells:

 Spells                   Type           Power        Failure   Level  Hunger
 Magic Dart               Conj           #...         12%         1    None
 Conjure Flame            Conj/Fire      #.......     41%         3    ###....
 Slow                     Hex            #.......     28%         2    ##.....
 Mephitic Cloud           Conj/Pois/Air  #.......     43%         3    ###....
 Blink                    Tloc           N/A          28%         2    ##.....
 Call Imp                 Summ           #.......     12%         2    ##.....
 Throw Icicle             Conj/Ice       ###.....     41%         4    ####...


Dungeon Overview and Level Annotations

Branches:
Dungeon (4/15)             Temple (1/1) D:4

Altars:
Cheibriados
Dithmenos
Elyvilon
Hepliaklqana
Kikubaaqudgha
Nemelex Xobeh
Okawaru
Qazlal
Ru
Sif Muna
Uskayaw
Vehumet
Wu Jian
Xom
Yredelemnul
Zin
The Shining One

Annotations:
D:4 Edmund


Innate Abilities, Weirdness & Mutations

Shadows flee at your approach. (+LOS)
You can swim through water.
You cover ground slowly.
You can hop short distances.


Message History

Edmund zaps a wand.
The puff of flame hits your ice beast.
Your ice beast melts!
It is a wand of flame (33).
Your ice beast hits Edmund.
Your ice beast freezes Edmund!
There is a staircase to the Ecumenical Temple here.
What are your orders? t - Ribbit!
Orders for allies: a - Attack new target. r - Retreat! s - Stop attacking. g - Guard the area. f - Follow me.
Anything else - Cancel.
Gang up on whom?
Press: ? - help, Dir - move target cursor, f - Edmund
Aim: Edmund, wielding a flail of draining, wearing a scale mail and carrying a wand of flame (33) (moderately wounded) Attack!
Your ice beast hits Edmund but does no damage.
Your ice beast barely misses Edmund.
Your ice beast hits Edmund but does no damage.
Edmund zaps a wand.
The puff of flame hits you! The fire burns you terribly!
You die...

#..# .# #..# .##
#..## ..# #..##
..# #..## ..#####
###..##......
#........#
#.P.P..###
#.@>....#
#.P.P@..#
#.....Y.###
####......#.. ##
##.........
#.####...####...#
#...^...## ##..#
##.....## ..#
##...## ..


You could see Edmund and a friendly ice beast.

Vanquished Creatures
  A scorpion (D:4)
  An adder (D:4)
  An ooze (D:2)
  2 worms
  2 dart slugs
  3 leopard geckos
  5 orcs (D:3)
  A giant cockroach (D:3)
  7 goblins
  10 hobgoblins
  A quokka (D:3)
  A ball python (D:3)
  6 bats
  A frilled lizard (D:1)
  7 kobolds (D:1)
  8 rats
57 creatures vanquished.

Notes
Turn   | Place    | Note
-------+----------+-------------------------------------------
     0 | D:1      | iamserjio the Barachi Ice Elementalist began the quest for the Orb.
     0 | D:1      | Reached XP level 1. HP: 13/13 MP: 3/3
   116 | D:1      | Reached skill level 4 in Ice Magic
   132 | D:1      | Reached XP level 2. HP: 19/19 MP: 3/5
   361 | D:1      | Reached XP level 3. HP: 20/24 MP: 5/7
   463 | D:2      | Found a faded altar of an unknown god.
   585 | D:2      | Reached skill level 5 in Ice Magic
   708 | D:3      | Reached XP level 4. HP: 21/30 MP: 4/8
   745 | D:3      | Learned a level 4 spell: Summon Ice Beast
   970 | D:3      | Reached skill level 1 in Summonings
  1053 | D:4      | Reached XP level 5. HP: 12/35 MP: 0/9
  1069 | D:4      | Found a staircase to the Ecumenical Temple.
  1076 | Temple   | Entered the Ecumenical Temple
  1109 | Temple   | Became a worshipper of Vehumet
  1137 | D:4      | Learned a level 2 spell: Throw Frost
  1141 | D:4      | Learned a level 3 spell: Ozocubu's Armour
  1150 | D:4      | Noticed Edmund
  1161 | D:4      | Killed from afar by Edmund

Vault maps used:
D:1:      saegor_arrival_simple_a
D:2:      chequers_ecumenical_altar_grove
D:4:      minmay_temple_entry_trees, serial_shops, nicolae_shop_trees, shop,
          shop, nicolae_shop_crystal, kennysheep_generic_room_3, uniq_edmund,
          uniq_robin
Temple:   nicolae_temple_the_god_donut

Skill      XL: |  1  2  3  4 |
---------------+-------------+-----
Ice Magic      | 4 5 |  5.7
Spellcasting   | 3 |  3.3
Summonings     | 2 |  2.0
Dodging        | |  2.1
Stealth        | |  1.7
Conjurations   | |  1.1

Action                   |  1- 3 |  4- 6 || total
-------------------------+-------+-------++-------
Melee: Dagger            |    26 |    14 ||    40
 Cast: Freeze            |    48 |    25 ||    73
       Summon Ice Beast  |       |     2 ||     2
 Stab: Sleeping          |     3 |     1 ||     4
  Eat: Chunk             |       |     1 ||     1
Armor: Robe              |    12 |     5 ||    17
Dodge: Dodged            |    30 |    23 ||    53

Table legend:
 A = Spawn XP
 B = Non-spawn XP
 C = Spawn XP percentage of total XP
 D = Spawn monster count
 E = Non-spawn monster count
 F = Spawn count percentage of total count
 G = Total turns spent on level
                    A         B        C        D         E        F      G
               +---------+---------+-------+---------+---------+-------+---------
         Total |       0 |     200 |   0.0 |       0 |      57 |   0.0 |  1161
               +---------+---------+-------+---------+---------+-------+---------
           D:1 |       0 |      35 |   0.0 |       0 |      22 |   0.0 |   377
           D:2 |       0 |      33 |   0.0 |       0 |      13 |   0.0 |   268
           D:3 |       0 |      47 |   0.0 |       0 |      20 |   0.0 |   378
           D:4 |       0 |      85 |   0.0 |       0 |       2 |   0.0 |    81
               +---------+---------+-------+---------+---------+-------+---------
